 Dungeon Crawl Stone Soup version 0.30-a0-170-g85af917532 (webtiles) character file.

Game seed: 15999054373856426303

2483 qw the Cleaver (level 9, -7/56 HPs)
             Began as a Gargoyle Fighter on Sept 30, 2022.
             Was a Believer of Okawaru.
             Mangled by a warg (12 damage)
             ... on level 8 of the Dungeon.
             The game lasted 00:03:01 (8816 turns).

qw the Cleaver (Gargoyle Fighter)                   Turns: 8816, Time: 00:03:02

Health: -7/56      AC: 22    Str: 23    XL:     9   Next: 52%
Magic:  11/12      EV:  8    Int: 10    God:    Okawaru [**....]
Gold:   407        SH: 10    Dex:  9    Spells: 8/8 levels left

rFire   . . .      SeeInvis .    Y - +1 war axe
rCold   . . .      Faith    .    c - +0 buckler
rNeg    + + +      Spirit   .    b - +0 plate armour
rPois   inf        Reflect  +    p - +0 hat {Will+}
rElec   +          Harm     .    (no cloak)
rCorr   .          Rampage  .    j - +0 pair of gloves
Will    +....                    (no boots)
Stlth   ..........               a - amulet "Faelaokh" {Reflect rN++ SH+5}
HPRegen 0.18/turn                (no ring)
MPRegen 0.13/turn                (no ring)

@: heroic, flying
A: sickness immunity, AC +6, negative energy resistance 1, electricity
resistance, torment resistance 1, petrification resistance, big wings
a: Renounce Religion, Heroism


You were on level 8 of the Dungeon.
You worshipped Okawaru.
Okawaru was pleased with you.
You visited 2 branches of the dungeon, and saw 9 of its levels.

You collected 407 gold pieces.


Innate Abilities, Weirdness & Mutations

You are immune to sickness and miasma.
Your stone body is resilient. (AC +6)
You are immune to poison.
You resist negative energy. (rN+)
You are resistant to electric shocks. (rElec)
You are resistant to unholy torment.
You are immune to petrification.
Your large and strong wings let you fly.


   Skills:
 + Level 6.4(11.4) Fighting
 - Level 9.0(14.0) Axes
 - Level 5.4(10.4) Armour
 - Level 1.1(6.1) Dodging
 - Level 4.1(9.1) Shields
 - Level 4.0 Invocations


You had 8 spell levels left.
You didn't know any spells.
Your spell library was empty.

Inventory:

Hand Weapons
 k - a +1 flail of protection
 Y - a +1 war axe (weapon)
Armour
 b - a +0 plate armour (worn)
 c - a +0 buckler (worn)
 g - a +0 helmet
 j - a +0 pair of gloves (worn)
 p - a +0 hat of willpower (worn)
Jewellery
 a - the amulet "Faelaokh" (around neck) {Reflect rN++ SH+5}
   (You acquired it on level 3 of the Dungeon)

   [amulet of reflection]

   It reflects blocked missile attacks.
   rN:        It greatly protects you from negative energy.
   SH:        It affects your SH (+5).
Scrolls
 f - 2 scrolls of identify
 n - 2 scrolls of teleportation
 r - a scroll of butterflies {unknown}
Potions
 d - 5 potions of might
 e - 6 potions of curing
 h - a potion of mutation
 i - a potion of haste
 l - a potion of heal wounds
 m - a potion of magic
 o - a potion of resistance
 q - 3 potions of attraction

Dungeon Overview and Level Annotations

Branches:
Dungeon (8/15)             Temple (1/1) D:4            Lair (0/5) D:8

Altars:
Ashenzari
Cheibriados
Dithmenos
Elyvilon
Fedhas
Gozag
Hepliaklqana
Kikubaaqudgha
Makhleb
Nemelex Xobeh
Okawaru
Qazlal
Ru
Sif Muna
Trog
Uskayaw
Vehumet
Wu Jian
Xom
Yredelemnul
Zin
The Shining One


Message History

You barely miss the warg.
The warg is heavily wounded.
You barely miss the warg. You barely miss the orc wizard. The warg bites you.
You block the warg's attack.
The orc wizard hits you but does no damage.
You barely miss the warg.
The warg is heavily wounded.
You closely miss the warg. You barely miss the orc. You hit the orc wizard.
The warg bites you but does no damage. The warg bites you!
You block the orc's attack.
The orc wizard mumbles some strange words.
The orc wizard flickers and vanishes!
You barely miss the warg.
The warg is heavily wounded.
You barely miss the warg. You closely miss the orc. You closely miss something.
The warg bites you but does no damage. The warg bites you.
The orc hits you but does no damage. Something hits you.
The orc priest calls down the wrath of Beogh upon you.
Beogh smites you! The warg bites you but does no damage.
The warg closely misses you.
You barely miss the warg.
The warg is heavily wounded.
You closely miss the warg. You slash the orc!
You kill the orc!
Okawaru accepts your kill.
You miss something. You slash the orc!
You kill the orc!
Okawaru accepts your kill. You block something's attack.
The warg bites you but does no damage. x2
You barely miss the warg.
The warg is heavily wounded.
You closely miss the warg. You miss something.
You hit the warg but do no damage. The warg closely misses you.
You block the warg's attack. x2
Something hits you but does no damage.
You hit the warg.
The warg is heavily wounded.
You closely miss the warg. x2; You barely miss something.
You block the warg's attack. The warg bites you! x2
You die...

.# #.# ..##
...# ....##
#..#
......##..#
.......#..#
..........#
.>....h{).#
.....oh@..#
.....oh#..#
......##..#
....## #..#
#.# #..# .
#..# #..#
#..# #..#


You could see 3 wargs, an orc priest and an orc wizard.

Vanquished Creatures
  An acid dragon (D:8)
  A water moccasin (D:7)
  3 orc warriors
  An ice beast (D:4)
  A sky beast (D:6)
  3 phantoms
  Blork the orc (D:4)
  3 bullfrogs
  A necrophage (D:7)
  4 scorpions
  2 wights (D:8)
  2 howler monkeys (D:6)
  5 hounds
  3 jellies
  3 orc priests
  Jessica (D:2)
  2 iguanas
  Natasha (thrice) (D:2)
  6 orc wizards
  3 gnolls (D:2)
  3 adders
  A shadow imp (D:6)
  2 white imps
  An ufetubus (D:4)
  A worm (D:4)
  A dart slug (D:3)
  35 orcs
  4 endoplasms
  6 giant cockroaches
  6 goblins
  2 hobgoblins
  11 jackals
  2 kobolds (D:3)
  2 quokkas
  3 ball pythons
  4 bats
  3 frilled lizards
  5 rats
141 creatures vanquished.

Vanquished Creatures (others)
  A kobold (D:4)
  4 fungi (D:2)
  5 plants (D:2)
10 creatures vanquished.

Grand Total: 151 creatures vanquished

Notes
Turn   | Place    | Note
-------+----------+-------------------------------------------
     0 | D:1      | qw the Gargoyle Fighter began the quest for the Orb.
     0 | D:1      | Reached XP level 1. HP: 14/14 MP: 1/1
     0 | D:1      | 0 ||| qw: Version: 0.2-a-12-gaebbb33
     0 | D:1      | 0 ||| qw: Game counter: 1444
     0 | D:1      | 0 ||| qw: Always use a shield: true
     0 | D:1      | 0 ||| qw: God list: Okawaru
     0 | D:1      | 0 ||| qw: Allow faded altars: false
     0 | D:1      | 0 ||| qw: Do Orc after D:15 true
     0 | D:1      | 0 ||| qw: Do second Lair branch before Depths: true
     0 | D:1      | 0 ||| qw: Lair rune preference: random
     0 | D:1      | 0 ||| qw: Plans: Normal, Zot:1-4, God:TSO, Crypt, Tomb,
                  | Pan, Slime:5, Hells, Abyss, Orb
     0 | D:1      | 0 ||| PLANNING D:1-11
    86 | D:1      | Reached skill level 2 in Axes
   206 | D:1      | 206 ||| Stepping ~*~*~tactically~*~*~ (stealth).
   210 | D:1      | 210 ||| Stepping ~*~*~tactically~*~*~ (stealth).
   211 | D:1      | 211 ||| Stepping ~*~*~tactically~*~*~ (stealth).
   212 | D:1      | 212 ||| Stepping ~*~*~tactically~*~*~ (stealth).
   355 | D:1      | Reached XP level 2. HP: 19/19 MP: 2/2
   807 | D:1      | Reached skill level 3 in Axes
   872 | D:1      | 872 ||| DROPPING scarf of invisibility.
   873 | D:1      | 873 ||| UPGRADING to +0 pair of gloves.
   878 | D:1      | 878 ||| READING scroll labelled NURIKA UJITENU.
   879 | D:1      | 879 ||| READING scroll labelled DICAUK NULURYO.
   880 | D:1      | 880 ||| READING scroll labelled GITEBA KOATZ.
   948 | D:2      | Noticed Jessica
   956 | D:2      | Killed Jessica
   957 | D:2      | Reached XP level 3. HP: 19/23 MP: 3/3
  1184 | D:2      | Noticed Natasha
  1185 | D:2      | 1185 ||| Stepping ~*~*~tactically~*~*~ (hiding).
  1195 | D:2      | Killed Natasha
  1196 | D:2      | Reached skill level 4 in Axes
  1196 | D:2      | Reached XP level 4. HP: 25/28 MP: 4/4
  1203 | D:2      | Noticed Natasha
  1204 | D:2      | 1204 ||| Stepping ~*~*~tactically~*~*~ (hiding).
  1210 | D:2      | Killed Natasha
  1246 | D:2      | Noticed Natasha
  1247 | D:2      | 1247 ||| FLEEEEING.
  1314 | D:2      | Found a faded altar of an unknown god.
  1328 | D:2      | 1328 ||| Stepping ~*~*~tactically~*~*~ (stealth).
  1332 | D:2      | 1332 ||| Stepping ~*~*~tactically~*~*~ (stealth).
  1341 | D:2      | HP: 4/28 [gnoll/+0 flail (5)]
  1343 | D:2      | Reached XP level 5. HP: 5/32 MP: 5/5
  1438 | D:2      | 1438 ||| Stepping ~*~*~tactically~*~*~ (stealth).
  1614 | D:2      | 1614 ||| DROPPING +0 club.
  1617 | D:2      | 1617 ||| DROPPING +0 whip.
  1669 | D:2      | 1669 ||| Stepping ~*~*~tactically~*~*~ (stealth).
  1679 | D:2      | Killed Natasha
  1871 | D:2      | Reached skill level 5 in Axes
  2182 | D:2      | 2182 ||| READING scroll labelled IXKEDO GI DAAR.
  2183 | D:2      | 2183 ||| READING scroll labelled BIOGHE XOEKIMO.
  2582 | D:3      | 2582 ||| Stepping ~*~*~tactically~*~*~ (stealth).
  2592 | D:3      | 2592 ||| Stepping ~*~*~tactically~*~*~ (stealth).
  2594 | D:3      | 2594 ||| Stepping ~*~*~tactically~*~*~ (stealth).
  2622 | D:3      | 2622 ||| Stepping ~*~*~tactically~*~*~ (stealth).
  2630 | D:3      | 2630 ||| FLEEEEING.
  2742 | D:3      | Found a white marble altar of Elyvilon.
  2887 | D:3      | 2887 ||| Stepping ~*~*~tactically~*~*~ (hiding).
  3083 | D:3      | Found a sparkling altar of Nemelex Xobeh.
  3138 | D:3      | 3138 ||| DROPPING scarf of shadows.
  3139 | D:3      | 3139 ||| READING scroll labelled MUXI XAC YKK.
  3139 | D:3      | Identified a scroll of acquirement
  3139 | D:3      | 3139 ||| ACQUIRING amulet "Faelaokh" {Reflect rN++ SH+5}
  3139 | D:3      | Acquired the amulet "Faelaokh" {Reflect rN++ SH+5}
  3141 | D:3      | 3141 ||| UPGRADING to amulet "Faelaokh" {Reflect rN++
                  | SH+5}.
  3146 | D:3      | 3146 ||| READING scroll labelled XEOCOP GUNWI.
  3188 | D:3      | 3188 ||| READING scroll labelled YGUJAT UGROJU.
  3289 | D:3      | 3289 ||| DRINKING 2 fizzy pink potions.
  3289 | D:3      | Gained mutation: Your large and strong wings let you fly.
                  | [potion of mutation]
  3290 | D:3      | 3290 ||| READING 2 scrolls of identify.
  3290 | D:3      | 3290 ||| IDENTIFYING fuming puce potion
  3306 | D:4      | 3306 ||| STAIRDANCE
  3321 | D:3      | 3321 ||| FLEEEEING.
  3322 | D:3      | 3322 ||| FLEEEEING.
  3323 | D:3      | 3323 ||| FLEEEEING.
  3324 | D:3      | 3324 ||| FLEEEEING.
  3325 | D:3      | 3325 ||| FLEEEEING.
  3326 | D:3      | 3326 ||| FLEEEEING.
  3327 | D:3      | 3327 ||| FLEEEEING.
  3328 | D:3      | 3328 ||| FLEEEEING.
  3329 | D:3      | 3329 ||| FLEEEEING.
  3331 | D:3      | 3331 ||| FLEEEEING.
  3332 | D:3      | 3332 ||| FLEEEEING.
  3333 | D:3      | 3333 ||| FLEEEEING.
  3334 | D:3      | 3334 ||| FLEEEEING.
  3335 | D:3      | 3335 ||| FLEEEEING.
  3336 | D:3      | 3336 ||| FLEEEEING.
  3337 | D:3      | 3337 ||| FLEEEEING.
  3338 | D:3      | 3338 ||| FLEEEEING.
  3339 | D:3      | 3339 ||| FLEEEEING.
  3340 | D:3      | 3340 ||| FLEEEEING.
  3341 | D:3      | 3341 ||| FLEEEEING.
  3342 | D:3      | 3342 ||| FLEEEEING.
  3343 | D:3      | 3343 ||| FLEEEEING.
  3344 | D:3      | 3344 ||| FLEEEEING.
  3345 | D:3      | 3345 ||| STAIRDANCE
  3351 | D:2      | 3351 ||| Stepping ~*~*~tactically~*~*~ (stealth).
  3397 | D:4      | 3397 ||| Stepping ~*~*~tactically~*~*~ (hiding).
  3398 | D:4      | 3398 ||| Stepping ~*~*~tactically~*~*~ (hiding).
  3423 | D:4      | Reached skill level 1 in Dodging
  3423 | D:4      | Reached XP level 6. HP: 21/38 MP: 6/6
  3595 | D:4      | 3595 ||| Stepping ~*~*~tactically~*~*~ (stealth).
  3786 | D:4      | 3786 ||| Stepping ~*~*~tactically~*~*~ (stealth).
  3788 | D:4      | 3788 ||| Stepping ~*~*~tactically~*~*~ (stealth).
  3859 | D:4      | Found a staircase to the Ecumenical Temple.
  3860 | D:4      | 3860 ||| PLANNING TEMPLE
  3860 | D:4      | 3860 ||| READING 2 scrolls labelled BUUBEA MASUWNU.
  3861 | D:4      | 3861 ||| DROPPING scroll of immolation.
  3870 | Temple   | Entered the Ecumenical Temple
  3870 | Temple   | Found a transporter.
  3870 | Temple   | Found a transporter.
  3872 | Temple   | Found a transporter.
  3872 | Temple   | Found a transporter.
  3882 | Temple   | 3882 ||| PLANNING D:1-11
  3894 | Temple   | 3894 ||| PLANNING OKAWARU WORSHIP
  3894 | Temple   | Became a worshipper of Warmaster Okawaru
  3895 | Temple   | 3895 ||| PLANNING D:1-11
  4141 | D:4      | Reached skill level 6 in Axes
  4154 | D:4      | Reached XP level 7. HP: 43/43 MP: 7/7
  4159 | D:4      | 4159 ||| Stepping ~*~*~tactically~*~*~ (hiding).
  4337 | D:4      | 4337 ||| Stepping ~*~*~tactically~*~*~ (stealth).
  4381 | D:4      | 4381 ||| Stepping ~*~*~tactically~*~*~ (stealth).
  4498 | D:4      | Reached * piety under Okawaru
  4499 | D:4      | Reached skill level 7 in Axes
  4561 | D:4      | Reached skill level 1 in Invocations
  4614 | D:4      | 4614 ||| DROPPING +0 flail.
  4774 | D:4      | Noticed Blork the orc
  4775 | D:4      | 4775 ||| INVOKING Heroism.
  4784 | D:4      | Killed Blork the orc
  5032 | D:4      | 5032 ||| UPGRADING to +0 hat of willpower.
  5037 | D:4      | 5037 ||| READING scroll labelled HEEMOA PEGEV.
  5038 | D:4      | 5038 ||| READING 3 scrolls of identify.
  5038 | D:4      | 5038 ||| IDENTIFYING bubbling green potion
  5039 | D:4      | 5039 ||| READING 2 scrolls of identify.
  5039 | D:4      | 5039 ||| IDENTIFYING fuming silvery potion
  5040 | D:4      | 5040 ||| DROPPING potion of ambrosia.
  5091 | D:5      | Entered Level 5 of the Dungeon
  5176 | D:5      | Reached XP level 8. HP: 48/48 MP: 9/9
  5288 | D:5      | 5288 ||| Stepping ~*~*~tactically~*~*~ (hiding).
  5328 | D:5      | 5328 ||| FLEEEEING.
  5330 | D:5      | 5330 ||| FLEEEEING.
  5332 | D:5      | 5332 ||| FLEEEEING.
  5336 | D:5      | 5336 ||| FLEEEEING.
  5337 | D:5      | 5337 ||| FLEEEEING.
  5343 | D:5      | 5343 ||| FLEEEEING.
  5344 | D:5      | 5344 ||| FLEEEEING.
  5348 | D:5      | 5348 ||| FLEEEEING.
  5349 | D:5      | 5349 ||| FLEEEEING.
  5350 | D:5      | 5350 ||| FLEEEEING.
  5351 | D:5      | 5351 ||| FLEEEEING.
  5352 | D:5      | 5352 ||| FLEEEEING.
  5353 | D:5      | 5353 ||| FLEEEEING.
  5354 | D:5      | 5354 ||| FLEEEEING.
  5355 | D:5      | 5355 ||| FLEEEEING.
  5356 | D:5      | 5356 ||| FLEEEEING.
  5357 | D:5      | 5357 ||| STAIRDANCE
  5459 | D:4      | 5459 ||| DRINKING 2 bubbling clear potions.
  5460 | D:4      | 5460 ||| READING 2 scrolls of identify.
  5460 | D:4      | 5460 ||| IDENTIFYING inky potion
  5461 | D:4      | 5461 ||| DROPPING potion of degeneration.
  5471 | D:5      | 5471 ||| STAIRDANCE
  5560 | D:5      | Reached skill level 3 in Invocations
  5596 | D:5      | Found a glowing golden altar of the Shining One.
  6084 | D:5      | 6084 ||| READING scroll labelled ELET HOETECZA.
  6102 | D:6      | 6102 ||| Stepping ~*~*~tactically~*~*~ (hiding).
  6103 | D:6      | 6103 ||| Stepping ~*~*~tactically~*~*~ (hiding).
  6254 | D:6      | 6254 ||| INVOKING Heroism.
  6544 | D:6      | 6544 ||| Stepping ~*~*~tactically~*~*~ (stealth).
  6632 | D:6      | 6632 ||| Stepping ~*~*~tactically~*~*~ (stealth).
  6633 | D:6      | 6633 ||| Stepping ~*~*~tactically~*~*~ (stealth).
  6649 | D:6      | Reached skill level 8 in Axes
  6976 | D:6      | 6976 ||| DROPPING +0 leather armour of willpower.
  6977 | D:6      | 6977 ||| UPGRADING to +0 chain mail.
  6987 | D:6      | 6987 ||| DROPPING +0 scale mail.
  6988 | D:6      | 6988 ||| READING scroll labelled YKAAPH ZUPAONN.
  6989 | D:6      | 6989 ||| DRINKING 2 metallic pink potions.
  7018 | D:7      | 7018 ||| Stepping ~*~*~tactically~*~*~ (hiding).
  7020 | D:7      | 7020 ||| INVOKING Heroism.
  7026 | D:7      | 7026 ||| Stepping ~*~*~tactically~*~*~ (hiding).
  7033 | D:7      | Reached skill level 6 in Fighting
  7043 | D:7      | 7043 ||| INVOKING Heroism.
  7188 | D:7      | 7188 ||| Stepping ~*~*~tactically~*~*~ (stealth).
  7193 | D:7      | 7193 ||| Stepping ~*~*~tactically~*~*~ (stealth).
  7196 | D:7      | 7196 ||| INVOKING Heroism.
  7326 | D:7      | 7326 ||| Stepping ~*~*~tactically~*~*~ (stealth).
  7334 | D:7      | 7334 ||| Stepping ~*~*~tactically~*~*~ (stealth).
  7344 | D:7      | 7344 ||| INVOKING Heroism.
  7352 | D:7      | Reached XP level 9. HP: 53/55 MP: 9/12
  7391 | D:7      | 7391 ||| INVOKING Heroism.
  7658 | D:7      | Reached ** piety under Okawaru
  7659 | D:7      | Reached skill level 9 in Axes
  7920 | D:7      | 7920 ||| UPGRADING to +0 plate armour.
  7930 | D:7      | 7930 ||| DROPPING +0 chain mail.
  7931 | D:7      | 7931 ||| READING scroll labelled YNOTHY FAAR.
  7962 | D:8      | 7962 ||| INVOKING Heroism.
  7966 | D:8      | HP: 9/55 [wight/+3 scimitar of freezing (10)]
  7967 | D:8      | 7967 ||| READING 3 scrolls of teleportation.
  7968 | D:8      | 7968 ||| DRINKING 2 potions of heal wounds.
  8285 | D:8      | 8285 ||| INVOKING Heroism.
  8331 | D:8      | 8331 ||| INVOKING Heroism.
  8482 | D:8      | 8482 ||| INVOKING Heroism.
  8501 | D:8      | 8501 ||| Stepping ~*~*~tactically~*~*~ (stealth).
  8502 | D:8      | 8502 ||| Stepping ~*~*~tactically~*~*~ (stealth).
  8510 | D:8      | 8510 ||| Stepping ~*~*~tactically~*~*~ (stealth).
  8511 | D:8      | 8511 ||| Stepping ~*~*~tactically~*~*~ (stealth).
  8519 | D:8      | 8519 ||| Stepping ~*~*~tactically~*~*~ (stealth).
  8521 | D:8      | 8521 ||| INVOKING Heroism.
  8806 | D:8      | Found a staircase to the Lair.
  8807 | D:8      | 8807 ||| INVOKING Heroism.
  8816 | D:8      | HP: 5/56 [warg (10)]
  8816 | D:8      | Mangled by a warg

Levels and vault maps discovered:
D:1:      dpeg_arrival_rooms_b, layout_loops_ring, hex_medium
D:2:      layout_basic, shapermc_ecumenical_altar_mp_urbaneastern, uniq_jessica,
          uniq_natasha
D:3:      layout_loops_ring, lemuel_doored_altar, nemelex_dance_club_becter,
          nicolae_figureground_pulse
D:4:      kennysheep_six_static_rooms, layout_loops_ring,
          minmay_temple_entry_purple_smoke, minmay_misc_feat_secret_circle,
          grunt_ministairs_3, uniq_blork_the_orc
D:5:      layout_basic, tso_metal_star
D:6:      layout_loops_ring, corexii_leaking_fountain
D:7:      layout_basic
D:8:      layout_loops_ring, erik_lair_orcish_takeover, serial_shops,
          nicolae_shop_behind_doors
Temple:   hellmonk_temple_divided_pantheon

Skill      XL: |  1  2  3  4  5  6  7  8  9 |
---------------+----------------------------+-----
Axes           | 2 3 4 5 6 7 8 9 |  9.0
Fighting       | 4 6 |  6.4
Dodging        | 1 |  1.1
Invocations    | 2 4 |  4.0
Armour         | 4 5 |  5.4
Shields        | 4 |  4.1

Action                   |  1- 3 |  4- 6 |  7- 9 || total
-------------------------+-------+-------+-------++-------
Melee: War axe           |    72 |   173 |   342 ||   587
Invok: Heroism           |       |       |    13 ||    13
  Use: Scroll            |     3 |     7 |     8 ||    18
       Potion            |       |     1 |     3 ||     4
Armor: Scale mail        |    37 |    81 |    60 ||   178
       Chain mail        |       |       |    28 ||    28
       Plate armour      |       |       |    34 ||    34
Dodge: Dodged            |    34 |    62 |    91 ||   187
Block: Buckler           |    16 |    43 |   121 ||   180
       Reflection        |       |     3 |     2 ||     5

Table legend:
 A = Non-vault XP
 B = Vault XP
 C = Vault XP percentage of total XP
 D = Non-vault monster count
 E = Vault monster count
 F = Vault count percentage of total count
                 A         B        C        D         E       F
            +---------+---------+-------+---------+---------+-------
      Total |    2895 |     653 |  18.4 |     126 |      15 |  10.6
            +---------+---------+-------+---------+---------+-------
        D:1 |      30 |       0 |   0.0 |      18 |       0 |   0.0
        D:2 |     152 |      72 |  32.1 |      14 |       2 |  12.5
        D:3 |      41 |       5 |  10.9 |      19 |       2 |   9.5
        D:4 |     297 |     570 |  65.7 |      22 |       9 |  29.0
        D:5 |     327 |       0 |   0.0 |       9 |       0 |   0.0
        D:6 |     592 |       0 |   0.0 |      10 |       0 |   0.0
        D:7 |     717 |       0 |   0.0 |      18 |       0 |   0.0
        D:8 |     739 |       6 |   0.8 |      16 |       2 |  11.1
            +---------+---------+-------+---------+---------+-------
